 Dungeon Crawl Stone Soup version 0.29.1-1-gd02db6906a (webtiles) character file.

Game seed: 18294693765200662770

81 Groucho the Conjurer (level 4, -6/24 HPs)
             Began as a Deep Elf Conjurer on Oct 4, 2022.
             Mangled by Crazy Yiuf
             ... wielding a +4 quarterstaff of chaos
              (12 damage)
             ... on level 2 of the Dungeon.
             The game lasted 00:06:44 (2683 turns).

Groucho the Conjurer (Deep Elf Conjurer)            Turns: 2683, Time: 00:06:44

Health: -6/24      AC:  2    Str:  6    XL:     4   Next: 20%
Magic:  7/11       EV: 12    Int: 23    God:
Gold:   49         SH:  0    Dex: 13    Spells: 7/10 levels left

rFire   . . .      SeeInvis .   (no weapon)
rCold   . . .      Faith    .   (no shield)
rNeg    . . .      Spirit   .   a - +0 robe
rPois   .          Reflect  .   (no helmet)
rElec   .          Harm     .   (no cloak)
rCorr   .          Rampage  .   (no gloves)
Will    .....                   (no boots)
Stlth   ++........              (no amulet)
HPRegen 0.08/turn               (no ring)
MPRegen 0.12/turn               (no ring)

@: no status effects
A: no striking features
a: no special abilities


You were on level 2 of the Dungeon.
You visited 1 branch of the dungeon, and saw 2 of its levels.

You collected 82 gold pieces.
You spent 33 gold pieces at shops.

Inventory:

Missiles
 l - 6 javelins (quivered)
 o - 32 stones
Armour
 a - a +0 robe (worn)
Jewellery
 g - an amulet of guardian spirit
 i - a ring of magical power
 k - a ring of flight
Wands
 m - a wand of iceblast (7)
Scrolls
 c - 7 scrolls of identify {unknown}
 d - a scroll of teleportation {unknown}
 e - a scroll of acquirement {unknown}
 h - a scroll of immolation {unknown}
 j - a scroll of torment {unknown}
 p - a scroll of noise {unknown}
Potions
 b - a potion of magic
 f - 2 potions of lignification {unknown}
 n - 4 potions of curing
 q - 3 potions of mutation {unknown}


   Skills:
 + Level 2.6 Dodging
 + Level 2.9 Stealth
 + Level 3.5 Spellcasting
 + Level 5.8 Conjurations


You had 7 spell levels left.
You knew the following spells:

 Your Spells              Type           Power      Damage    Failure   Level
a - Magic Dart            Conj           100%       1d8       1%          1
b - Searing Ray           Conj           62%        2d6       1%          2

Your spell library contained the following spells:

 Spells                   Type           Power      Damage    Failure   Level
 Dazzling Flash           Conj/Hex       34%        N/A       10%         3
 Fulminant Prism          Conj/Hex       8%         3d7       32%         4
 Iskenderun's Mystic Bla  Conj/Tloc      17%        2d5       32%         4


Dungeon Overview and Level Annotations

Branches:
Dungeon (2/15)

Altars:
Uskayaw

Shops:
D:2 !

Annotations:
D:2 Crazy Yiuf


Message History

o - 32 stones (gained 2);
q - 3 fuming cyan potions (gained 1)
Things that are here:
a +0 short sword; a kobold corpse
Things that are here:
a +0 sling; a +0 dagger You see here a staff of air.
You see here a +0 hand axe.
There is an open door here.
You open the door.
There is an open door here.
Found a stone staircase leading up.
There is a stone staircase leading up here.
There is an open door here.
You see here a +0 hand axe.
You see here a staff of air.
There is an open door here.
There is an open door here.
There is an open door here.
No reachable target in view!
You open the door.
Crazy Yiuf shouts!
Crazy Yiuf yells, "Snower dark koolooloo!"
Casting: Magic Dart (safe; 1% risk of failure)
Confirm with . or Enter, or press ? or * to list all spells.
Aiming: Searing Ray (safe; 1% risk of failure)
Press: ? - help, Shift-Dir - straight line, f - Crazy Yiuf
Aim: Crazy Yiuf, wielding a +4 quarterstaff of chaos and wearing a +0 cloak (82% to hit)
The searing ray hits Crazy Yiuf.
Crazy Yiuf is lightly wounded. (Press . to maintain the ray.)
The searing ray hits Crazy Yiuf!
Crazy Yiuf is heavily wounded.
Crazy Yiuf hits you with a +4 quarterstaff of chaos!
You are electrocuted!
* * * LOW HITPOINT WARNING * * *
The searing ray hits Crazy Yiuf.
Crazy Yiuf is almost dead.
Crazy Yiuf hits you with a +4 quarterstaff of chaos!
Ouch! That really hurt!
You die...

####.#.#### #....#
#....#.# #....#
#.####.# ♣..PP♣ ##.#
#.# ♣...♣♣ ...#
#.#### ♣♣.♣♣ ####
#<...# ♣.♣♣ # #.##.#
♣♣.♣ #### #.##.#
♣.♣♣ ...####....#
♣♣@♣ ##.##<#.####
#g# ##.##.#.#### ...
##....#....# #...#
##......#### #..)#
#.....##..# #####
#.....##.##
#.._..##.# ######
##...[....#####....#


You could see Crazy Yiuf.

Vanquished Creatures
  4 adders (D:2)
  3 dart slugs
  7 bats
  6 endoplasms
  A giant cockroach (D:2)
  3 goblins
  4 hobgoblins
  2 kobolds
  7 ball pythons
  2 frilled lizards
  3 rats
42 creatures vanquished.

Notes
Turn   | Place    | Note
-------+----------+-------------------------------------------
     0 | D:1      | Groucho the Deep Elf Conjurer began the quest for the Orb.
     0 | D:1      | Reached XP level 1. HP: 10/10 MP: 6/6
   172 | D:1      | Reached XP level 2. HP: 15/15 MP: 5/8
   205 | D:1      | Learned a level 2 spell: Searing Ray
   611 | D:1      | Reached skill level 5 in Conjurations
  1006 | D:1      | Found a faded altar of an unknown god.
  1155 | D:2      | Reached XP level 3. HP: 14/19 MP: 4/9
  1330 | D:2      | Found a hide-covered altar of Uskayaw.
  1828 | D:2      | Found a runed translucent door.
  1829 | D:2      | Noticed Crazy Yiuf
  1932 | D:2      | Found Cueh's Distillery.
  1968 | D:2      | Bought a potion of curing for 33 gold pieces
  2246 | D:2      | Reached XP level 4. HP: 24/24 MP: 8/11
  2683 | D:2      | Mangled by Crazy Yiuf

Illustrated notes

Levels and vault maps discovered:
D:1:      nzn_arrival_water_spiral, layout_loops_cross, serial_rivers,
          chequers_serial_rivers_micro_b, chequers_serial_rivers_micro_c,
          chequers_serial_rivers_micro_e, chequers_serial_rivers_small_3,
          chequers_serial_rivers_room_b, chequers_serial_rivers_micro_c,
          ebering_ecumenical_altar_box, nicolae_concentric_dashed_squares_mild
D:2:      layout_basic, serial_shops, nicolae_shop_waterfront, basic_altar,
          kennysheep_decorative_pillar, uniq_crazy_yiuf_cottage

Skill      XL: |  1  2 |
---------------+-------+-----
Conjurations   | 5 |  5.8
Dodging        | |  2.6
Stealth        | |  2.9
Spellcasting   | |  3.5

Action                   |  1- 3 |  4- 6 || total
-------------------------+-------+-------++-------
Throw: Javelin           |     2 |       ||     2
 Cast: Magic Dart        |    44 |    16 ||    60
       Searing Ray       |     6 |     1 ||     7
Armor: Robe              |     1 |       ||     1
Dodge: Dodged            |     2 |       ||     2
